 Dungeon Crawl Stone Soup version 0.17-a0-1798-g879a7aa (webtiles) character file.

940 4thArraOfDagon the Chopper (level 7, 48/66 HPs)
             Began as a Deep Dwarf Berserker on Sept 10, 2015.
             Was a Believer of Trog.
             Quit the game in a labyrinth.
             The game lasted 00:15:55 (3271 turns).

4thArraOfDagon the Chopper (Deep Dwarf Berserker)   Turns: 3271, Time: 00:15:55

Health: 48/66      AC:  9    Str: 23    XL:     7   Next: 88%
Magic:  7/7        EV: 11    Int:  5    God:    Trog [**....]
Gold:   162        SH:  0    Dex: 12    Spells: 0 memorised, 6 levels left

rFire  . . .     SeeInvis .     g - +1 war axe
rCold  . . .     Clarity  .     h - +0 scale mail
rNeg   . . .     SustAt   .     (no shield)
rPois  .         Gourm    .     (no helmet)
rElec  .         Spirit   .     a - +1 cloak
rCorr  .         Warding  .     (no gloves)
rMut   .         Stasis   .     (no boots)
MR     +....                    (no amulet)
Stlth  ..........               (no ring)
                                (no ring)

@: non-regenerating, somewhat resistant to hostile enchantments, extremely
unstealthy
A: damage resistance, recharge devices, dopey 1, sense surroundings 1, slow
healing 3
a: Device Recharging, Burn Spellbooks, Berserk, Trog's Hand, Renounce Religion


You were in a labyrinth.
You worshipped Trog.
Trog was pleased with you.
You were not hungry.

You visited 1 branch of the dungeon, and saw 10 of its levels.
You also visited: Labyrinth.

You collected 162 gold pieces.

Inventory:

Hand weapons
 g - a +1 war axe (weapon)
Armour
 a - a +1 cloak (worn)
 h - a +0 scale mail (worn)
Magical devices
 c - a wand of heal wounds (3)
Potions
 k - a potion of resistance
 l - a potion of heal wounds
Books
 i - a book of Summonings

   Spells                             Type                      Level
   a - Recall                         Summoning/Translocation      3
   b - Aura of Abjuration             Summoning                    5
   c - Shadow Creatures               Summoning                    5
   d - Summon Demon                   Summoning                    5
   e - Summon Forest                  Summoning/Translocation      5
   f - Summon Mana Viper              Hexes/Summoning              5
   Trog disapproves of the use of such an item.
 m - a book of Clouds

   Spells                             Type                      Level
   a - Mephitic Cloud                 Conjuration/Poison/Air       3
   b - Conjure Flame                  Conjuration/Fire             3
   c - Poisonous Cloud                Conjuration/Poison/Air       6
   d - Freezing Cloud                 Conjuration/Ice/Air          6
   e - Ring of Flames                 Charms/Fire                  7
   Trog disapproves of the use of such an item.


   Skills:
 + Level 4.9 Fighting
 * Level 7.6 Axes
 + Level 5.5 Armour
 - Level 2.1 Dodging
 + Level 0.0 Evocations


You had 6 spell levels left.
You didn't know any spells.

Dungeon Overview and Level Annotations

Branches:
Dungeon (11/15)
 Temple: D:4-7         Lair: D:8-11         Orc: D:9-12

Altars:
Fedhas
Qazlal


Innate Abilities, Weirdness & Mutations

You are resistant to damage.
You can recharge devices by infusing magical energy.
You passively map a small area around you.
You do not heal naturally.
You are dopey. (Int -2)


Message History

You swing at nothing.
You swing at nothing.
You swing at nothing.
You swing at nothing.
You swing at nothing.
You swing at nothing.
Your transformation is almost over.
You swing at nothing.
You swing at nothing.
You swing at nothing.
You swing at nothing.
You swing at nothing.
You swing at nothing.
You feel less woody.
Your +1 cloak unmelds from your body.
Your +0 scale mail unmelds from your body.
Wield which item (- for none, * to show all)? (? for menu, Esc to quit)
g - a +1 war axe (weapon)
You feel a little less clever now.
Are you sure you want to abandon this character and quit the game? (Confirm with "yes".)

▓▓ ▓▓▓▓▓▓▓▓▓▓ ..
.........▓
#########.###.▓
#.#.......#...▓
###.#.#####.###@▓
#. ... .# #.# #.▓
## .#.#.# ### ##▓
. .#. .# .##### #
# .# # .# .#


There were no monsters in sight!

Vanquished Creatures
  Psyche (D:8)
  A sky beast (D:8)
  A big kobold (D:10)
  3 killer bees (D:8)
  3 crimson imps
  A gnoll shaman (D:9)
  A centaur skeleton (D:8)
  A hound (D:7)
  An orc wizard (D:7)
  2 worker ant zombies
  3 adders
  4 gnolls (D:9)
  A worm (D:3)
  A giant gecko (D:7)
  8 orcs
  2 ball pythons
  2 giant cockroaches
  4 hobgoblins
  2 quokkas
  2 bats
  3 giant newts
  2 goblins
  7 kobolds
  A rat (D:3)
  2 fungi (D:4)
59 creatures vanquished.

Notes
Turn   | Place    | Note
--------------------------------------------------------------
     0 | D:1      | 4thArraOfDagon the Deep Dwarf Berserker began the quest for the Orb.
     0 | D:1      | Reached XP level 1. HP: 20/20 MP: 1/1
   137 | D:1      | Reached XP level 2. HP: 21/27 MP: 2/2
   233 | D:3      | Reached XP level 3. HP: 20/34 MP: 3/3
   237 | D:3      | Acquired Trog's second power
   283 | D:3      | LOl
   317 | D:3      | Reached skill level 4 in Axes
   403 | D:3      | WTf
   540 | D:4      | Found a blossoming altar of Fedhas.
   542 | D:4      | FUCKIN LAB
   549 | D:4      | Found a stormy altar of Qazlal.
   580 | D:4      | You fall through a shaft!
   652 | D:7      | Reached XP level 4. HP: 40/42 MP: 4/4
   770 | D:7      | Reached XP level 5. HP: 49/49 MP: 5/5
   771 | D:7      | Reached skill level 5 in Axes
   788 | D:7      | Noticed a sky beast
   874 | D:8      | Noticed Psyche
   885 | D:8      | Noticed a sky beast
   895 | D:8      | Killed a sky beast
   895 | D:8      | Reached XP level 6. HP: 57/57 MP: 6/6
   899 | D:8      | Reached skill level 6 in Axes
   902 | D:8      | Paralysed by something for 7 turns
   935 | D:8      | HP: 1/57 [Psyche/puff of frost (9)]
   944 | D:8      | Gained mutation: You are dopey. (Int -2) [mutagenic glow]
   959 | D:8      | Killed Psyche
   959 | D:8      | Reached skill level 7 in Axes
   959 | D:8      | Reached skill level 5 in Armour
   959 | D:8      | Reached XP level 7. HP: 46/66 MP: 7/7
  1040 | D:7      | Noticed a giant frog
  1171 | D:10     | Entered Level 10 of the Dungeon
  1218 | D:10     | Noticed a centaur zombie
  1224 | D:11     | Found a labyrinth entrance.
  1241 | D:11     | BIG OPPORTUNITY
  1241 | D:11     | FOR GOZU EQUIP
  1241 | D:11     | AND ORC SKIP
  1242 | Lab      | Entered a labyrinth
  1863 | Lab      | +3k
  3271 | Lab      | Quit the game

Vault maps used:
D:1:      dpeg_arrival_houses_and_road
D:2:      dk_noncrumbling_4
D:3:      kennysheep_doodads
D:4:      grunt_temple_overflow_forces_of_nature, kiku_gazebo_garden_becter,
          first_bread, lexackson_kobold_supper
D:6:      minmay_temple_entry_hall, serial_shops,
          nicolae_shop_temple_entry_statues_fountains, serial_bayou_pond_c,
          minmay_misc_feat_rows, nicolae_gozag_cash_rules_everything_around_me,
          uniq_sigmund
D:7:      basic_altar
D:8:      uniq_psyche
D:9:      lair_0_dummy
D:10:     david_orc_3, serial_shops, shop
D:11:     basic_altar, lab_entry_generic

Action                   |  1- 3 |  4- 6 |  7- 9 || total
-------------------------+-------+-------+-------++-------
Melee: Hand axe          |    34 |       |       ||    34
       War axe           |    65 |    49 |    41 ||   155
Invok: Berserk           |     2 |     4 |     1 ||     7
       Trog's Hand       |     2 |     2 |     2 ||     6
Evoke: Wand              |       |     2 |       ||     2
  Use: Scroll            |     1 |     1 |     5 ||     7
       Potion            |       |       |     3 ||     3
  Eat: Chunk             |     2 |     3 |     1 ||     6
       Bread ration      |       |     1 |     2 ||     3
